 Dungeon Crawl Stone Soup version 0.20.0-15-g7f486f2 (webtiles) character file.

234 wilfster70 the Digger (level 6, -2/32 HPs)
             Began as a Gargoyle Earth Elementalist on June 29, 2017.
             Shot with an arrow by a centaur (7 damage)
             ... on level 5 of the Dungeon.
             The game lasted 00:24:47 (4679 turns).

wilfster70 the Digger (Gargoyle Earth Elementalist) Turns: 4679, Time: 00:24:48

Health: -2/32      AC:  7    Str: 11    XL:     6   Next: 5%
Magic:  0/11       EV: 12    Int: 18    God:
Gold:   105        SH:  0    Dex: 10    Spells: 3/12 levels left

rFire    . . .     SeeInvis .   p - +0 whip
rCold    . . .     Gourm    .   (no shield)
rNeg     + . .     Faith    .   c - +0 robe
rPois    ∞         Spirit   +   (no helmet)
rElec    +         Reflect  .   t - +0 cloak
rCorr    .         Harm     .   (no gloves)
MR       .....                  (no boots)
Stlth    ++........             n - amulet of guardian spirit
Regen    0.1/turn               (no ring)
MPRegen  0.2/turn               (no ring)

@: very slightly contaminated, slowed, very slow
A: negative energy resistance 1, electricity resistance, unbreathing,
petrification resistance, rot immunity, AC +4
a: no special abilities


You were on level 5 of the Dungeon.
You were not hungry.

You visited 1 branch of the dungeon, and saw 5 of its levels.

You collected 105 gold pieces.

Inventory:

Hand Weapons
 p - a +0 whip (weapon)
Missiles
 b - 60 stones (quivered)
Armour
 c - a +0 robe (worn)
 t - a +0 cloak (worn)
Jewellery
 n - an amulet of guardian spirit (around neck)
Scrolls
 h - a scroll of fear {unknown}
 l - 2 scrolls of identify
 m - a scroll of teleportation
 s - a scroll of enchant weapon {unknown}
Potions
 f - a potion of brilliance {unknown}
 g - a potion of lignification {unknown}
 i - a potion of agility {unknown}
 j - a potion of resistance {unknown}
 o - a potion of ambrosia
 q - a potion of magic {unknown}
 r - a potion of haste
Books
 e - a book of Geomancy

   Spells                             Type                      Level
   a - Sandblast                      Earth                        1
   b - Passwall                       Transmutation/Earth          2
   c - Stone Arrow                    Conjuration/Earth            3
   d - Petrify                        Transmutation/Earth          4
   e - Lee's Rapid Deconstruction     Earth                        5
Comestibles
 a - 2 meat rations
 d - 5 bread rations
 k - a fruit


   Skills:
 - Level 1.5 Dodging
 - Level 2.1 Stealth
 + Level 3.7 Spellcasting
 + Level 2.5 Conjurations
   Level 0.7 Transmutations
 + Level 5.8 Earth Magic


You had 3 spell levels left.
You knew the following spells:

 Your Spells              Type           Power        Failure   Level  Hunger
a - Sandblast             Erth           ###...       1%          1    None
b - Stone Arrow           Conj/Erth      ###...       9%          3    ###....
c - Lee's Rapid Deconstr  Erth           ###.......   36%         5    ######.


Dungeon Overview and Level Annotations

Branches:
Dungeon (5/15)
 Temple: D:4-7

Altars:
Makhleb

Annotations:
D:4 Dowan, Duvessa, Edmund


Innate Abilities, Weirdness & Mutations

You are resistant to torment.
Your stone body is resilient. (AC +4)
You are immune to poison.
You resist negative energy. (rN+)
You are resistant to electric shocks. (rElec)
You can survive without breathing.
You are immune to petrification.
You are immune to rotting.


Message History

The orc wizard gestures at you while chanting.
The magic dart hits you!
* * * LOW HITPOINT WARNING * * *
Found a scroll of remove curse.
The orc barely misses you.
You see here 16 gold pieces.
The orc wizard barely misses you.
The orc wizard hits you but does no damage.
The orc wizard gestures at you while chanting.
You resist with some effort.
You see here a scroll of remove curse.
The orc wizard points at you and mumbles some strange words.
The magic dart hits you!
* * * LOW HITPOINT WARNING * * *
A centaur comes into view.
The centaur shouts!
The orc wizard points at you and mumbles some strange words.
You feel yourself slow down.
The centaur wields a shortbow.
The centaur shoots an arrow.
The arrow hits you!
You die...

### #.### #c#. #..
#.# #@# #.# #.#
#############.##.####
#<....$oo.o.o........
###....o#####.##.####
#.....# #.# #
........... ...
#.#.....### #...


You could see a centaur and an orc wizard.

Vanquished Creatures
  A hound (D:4)
  Natasha (D:4)
  4 gnolls (D:3)
  6 adders
  2 oozes
  2 worms (D:3)
  3 dart slugs (D:2)
  2 leopard geckos (D:3)
  An orc (D:5)
  3 ball pythons
  8 bats
  A giant cockroach (D:1)
  7 goblins
  2 hobgoblins
  4 jackals
  4 frilled lizards
  11 kobolds
  8 rats
70 creatures vanquished.

Notes
Turn   | Place    | Note
-------+----------+-------------------------------------------
     0 | D:1      | wilfster70 the Gargoyle Earth Elementalist began the quest for the Orb.
     0 | D:1      | Reached XP level 1. HP: 10/10 MP: 3/3
   451 | D:1      | Reached skill level 4 in Earth Magic
   451 | D:1      | Reached XP level 2. HP: 11/15 MP: 1/5
  1025 | D:1      | Reached XP level 3. HP: 19/19 MP: 4/7
  1030 | D:1      | Learned a level 3 spell: Stone Arrow
  1597 | D:2      | Reached skill level 1 in Conjurations
  1636 | D:2      | Reached XP level 4. HP: 24/24 MP: 0/8
  2307 | D:3      | Reached skill level 5 in Earth Magic
  3108 | D:3      | Reached XP level 5. HP: 17/28 MP: 0/9
  3115 | D:3      | Learned a level 5 spell: Lee's Rapid Deconstruction
  3887 | D:4      | Noticed Duvessa
  3898 | D:4      | Noticed Dowan
  4125 | D:4      | Noticed Natasha
  4138 | D:4      | Killed Natasha
  4138 | D:4      | Reached XP level 6. HP: 32/32 MP: 4/11
  4180 | D:4      | Found a burning altar of Makhleb.
  4183 | D:4      | Noticed Edmund
  4659 | D:5      | Entered Level 5 of the Dungeon
  4679 | D:5      | Shot with an arrow by a centaur

Skill      XL: |  1  2  3  4  5 |
---------------+----------------+-----
Earth Magic    | 4 5 |  5.8
Conjurations   | 1 2 |  2.5
Spellcasting   | 3 |  3.7
Dodging        | |  1.5
Stealth        | |  2.1
Transmutations | |  0.7

Action                   |  1- 3 |  4- 6 || total
-------------------------+-------+-------++-------
Melee: Unarmed           |    29 |       ||    29
       Short sword       |    29 |       ||    29
       Whip              |     3 |    47 ||    50
 Cast: Sandblast         |    44 |    36 ||    80
       Stone Arrow       |     1 |    32 ||    33
  Use: Scroll            |     1 |    10 ||    11
       Potion            |       |     1 ||     1
 Stab: Sleeping          |     2 |       ||     2
  Eat: Chunk             |     3 |    13 ||    16
Armor: Robe              |    23 |    33 ||    56
Dodge: Dodged            |    56 |    59 ||   115
